Map: Purity and Industry LE

Players

Juno

  • Race: Terran Terran
  • League: Silver
  • Spawn Location: 12:00

antagomiR - Winner!

  • Race: Protoss Protoss
  • League: Gold
  • Spawn Location: 3:00

VOD

Have the link to the VOD?

Description

Time

  • Played on: April 3, 2020, 6:39 p.m.
  • Length: 17:30
Show
View Real Time Build Order
Export as new Build Order

Juno Terran 

Build Orders:  

Get SALT Encoding   

  12  0:02  SCV  
  13  0:14  SCV  
  14  0:22  Supply Depot  
  14  0:30  SCV, Refinery  
  15  0:46  Barracks  
  15  0:51  SCV  
  16  1:03  SCV  
  17  1:05  Refinery  
  17  1:15  SCV  
  18  2:06  Supply Depot  
  18  2:13  Orbital Command  
  18  2:14  Marine  
  19  2:32  Marine  
  20  2:49  Factory  
  20  2:50  Marine  
  21  3:04  SCV  
  22  3:09  Barracks Tech Lab  
  22  3:37  Factory Tech Lab  
  22  3:40  Starport  
  22  3:45  Starport  
  22  3:55  SCV  
  23  4:08  SCV  
  24  4:49  Factory Tech Lab  
  24  4:50  Barracks Tech Lab  
  24  4:51  Banshee  
  24  4:52  Banshee  
  30  4:53  Cloaking Field  
  30  5:03  Barracks  
  30  5:17  Engineering Bay  
  30  5:25  Barracks  
  30  5:52  Barracks Reactor  
  30  6:04  Terran Infantry Weapons Level 1  
  24  7:20  Barracks Reactor  
  24  7:22  Marine x2  
  24  7:23  Marine  
  27  7:33  Siege Tank  
  30  7:40  Marine  
  31  7:44  Armory  
  31  7:51  Supply Depot  
  31  7:54  Supply Depot  
  31  8:12  Marine x3, Siege Tank  
  37  8:13  Marine x2  
  39  8:30  Marine x3  
  39  8:31  Marine x2  
  44  8:43  Terran Vehicle Weapons Level 1  
  44  8:47  Marine x2  
  44  8:48  Marine  
  47  9:10  Supply Depot  
  47  9:14  Supply Depot  
  47  9:26  Fusion Core  
  47  9:31  Terran Infantry Armor Level 1  
  47  9:32  Marine x5  
  52  9:38  Supply Depot  
  52  9:41  Supply Depot  
  52  9:49  Marine x5  
  52  9:50  Thor  
  63  10:07  Marine x5  
  68  10:25  Marine x5  
  73  10:33  Thor  
  79  12:04  Supply Depot  
  79  12:17  Command Center  
  79  12:25  Marine x5, Banshee  
  87  12:39  Supply Depot  
  87  12:40  Supply Depot  
  87  12:58  Marine  
  87  12:59  Marine x2  
  87  13:00  Marine x2, Banshee  
  87  13:05  Supply Depot  
  85  13:08  Banshee  
  73  13:16  Marine, SCV  
  73  13:17  Marine  
  73  13:18  Marine x2  
  78  13:28  SCV  
  79  13:41  SCV  
  80  13:42  Orbital Command  
  80  13:43  Banshee  
  13  15:49  Orbital Command  
  8  17:09  SCV  
Show
View Real Time Build Order
Export as new Build Order

antagomiR Protoss - Winner!

Build Orders: Zealot Archon 

Get SALT Encoding   

  12  0:01  Probe  
  13  0:13  Probe  
  14  0:17  Pylon  
  14  0:25  Probe  
  15  0:37  Probe  
  15  0:38  Gateway  
  16  0:49  Probe  
  17  0:50  Assimilator  
  17  1:01  Probe  
  18  1:13  Probe  
  20  1:25  Probe  
  20  1:34  Cybernetics Core  
  20  1:37  Probe  
  21  1:42  Assimilator  
  21  1:59  Pylon  
  20  2:03  Probe  
  21  2:11  Warp Gate (Chrono Boost)  
  21  2:12  Stalker (Chrono Boost)  
  23  2:17  Probe  
  25  2:30  Probe  
  25  2:36  Nexus  
  25  2:37  Pylon  
  25  2:42  Probe  
  25  2:43  Robotics Facility  
  26  2:54  Probe  
  27  3:05  Pylon  
  27  3:06  Probe  
  28  3:13  Shield Battery  
  28  3:16  Sentry  
  30  3:20  Probe  
  31  3:31  Gateway  
  31  3:32  Probe, Gateway  
  32  3:46  Probe  
  33  3:57  Stalker  
  33  3:59  Probe  
  33  4:01  Probe  
  38  4:03  Observer  
  38  4:11  Probe  
  38  4:13  Probe  
  40  4:18  Assimilator  
  40  4:21  Assimilator  
  40  4:23  Probe  
  41  4:28  Forge  
  41  4:33  Probe, Pylon, Twilight Council  
  41  4:35  Probe  
  43  4:41  Observer  
  43  4:46  Probe  
  43  4:47  Probe  
  45  4:58  Probe  
  45  4:59  Probe  
  47  5:14  Templar Archives  
  47  5:19  Pylon  
  48  5:21  Probe x2  
  49  5:30  Stalker x2  
  49  5:31  Zealot  
  49  5:32  Charge (Chrono Boost)  
  49  5:33  Probe x2  
  57  5:38  Protoss Ground Weapons Level 1  
  55  5:45  Probe x2  
  57  6:03  Observer  
  58  6:05  Stalker x3  
  64  6:13  Photon Cannon  
  64  6:20  Photon Cannon  
  64  6:24  Observer  
  65  6:31  Gateway  
  65  6:32  Gateway  
  65  6:34  Gateway  
  65  6:35  Pylon  
  65  6:42  High Templar x3  
  71  7:01  Probe x2  
  73  7:06  Nexus  
  73  7:09  Pylon  
  73  7:12  Pylon, Observer  
  73  7:13  Probe x2  
  76  7:16  Archon  
  76  7:20  High Templar x2  
  76  7:21  High Templar  
  82  7:23  Blink (Chrono Boost)  
  82  7:24  Archon  
  82  7:32  Archon  
  82  7:45  High Templar  
  82  7:51  Warp Prism  
  86  8:07  Photon Cannon  
  86  8:09  Photon Cannon  
  86  8:12  Photon Cannon  
  86  8:15  Shield Battery  
  86  8:16  Assimilator  
  86  8:21  Assimilator  
  86  8:24  Stalker x2  
  86  8:25  High Templar x2  
  86  8:26  High Templar  
  96  8:47  High Templar  
  98  8:51  Archon  
  98  8:52  Archon  
  98  8:55  Zealot x2  
  100  8:59  Zealot  
  100  9:00  Zealot x2  
  108  9:19  High Templar x2  
  112  9:27  Pylon  
  112  9:29  Pylon  
  112  9:31  Probe x3  
  115  9:32  Pylon  
  115  9:43  Probe  
  116  9:48  Probe x2  
  108  10:07  Psionic Storm  
  108  10:18  Archon  
  108  10:20  High Templar  
  108  10:21  High Templar x4  
  118  10:29  Archon  
  118  10:40  High Templar  
  120  10:44  Probe x3  
  123  10:56  Probe  
  124  11:21  Probe  
  124  11:22  Probe x2  
  127  11:30  Gateway  
  127  11:32  Gateway, High Templar  
  127  11:33  Probe, High Templar x4  
  127  11:34  High Templar  
  127  11:35  Archon  
  127  11:36  Archon  
  127  11:38  Archon x2  
  140  12:20  Pylon  
  140  12:24  Pylon, Observer  
  140  12:26  Pylon  
  140  12:28  Pylon  
  141  12:38  Probe x3  
  144  12:45  Nexus  
  144  12:48  Pylon  
  144  12:50  Probe, Pylon  
  145  12:53  Zealot x3  
  145  12:54  Zealot x4  
  145  13:29  High Templar x2  
  145  13:33  Archon  
  149  13:34  Archon  
  149  13:37  High Templar x3  
  149  13:38  High Templar x3  
  161  14:00  Photon Cannon  
  161  14:01  Photon Cannon  
  161  14:04  Photon Cannon  
  161  14:07  Shield Battery  
  161  14:11  Assimilator  
  161  14:16  Probe, Assimilator  
  161  14:17  Probe x2  
  164  14:27  Gateway  
  164  14:30  High Templar  
  166  14:32  Zealot x2  
  166  14:33  Zealot x4  
  166  14:34  Zealot  
  146  15:26  Zealot x2  
  146  15:27  Zealot x5  
  146  15:28  Zealot x2  
  156  15:45  Observer  
  157  15:55  Stalker x2  
  157  15:56  Stalker x4  
  169  15:57  Stalker  
Tags
 
Composition
Zealot Archon
Matchup
PvT
Replay Pack
20200422
Spawn Locations
Close Positions
Add a new tag
Caveats
  • Supply blocks, unpowered buildings, or Contaminate may cause inaccurate times.
  • Supply counts are checked every 10 seconds.